 Dungeon Crawl Stone Soup version 0.27-a0-1590-g15f69828bf (webtiles) character file.

Game seed: 14405511361830107316

200 miscthings the Cudgeller (level 5, 0/32 HPs)
             Began as a Gargoyle Monk on July 18, 2021.
             Slain by an iguana (11 damage)
             ... on level 4 of the Dungeon.
             The game lasted 00:04:43 (2734 turns).

miscthings the Cudgeller (Gargoyle Monk)            Turns: 2734, Time: 00:04:43

Health: 0/32       AC: 11    Str: 16    XL:     5   Next: 78%
Magic:  5/5        EV:  7    Int: 10    God:
Gold:   123        SH:  0    Dex: 12    Spells: 4/4 levels left

rFire    + . .     SeeInvis .   a - +0 mace
rCold    + . .     Faith    .   (no shield)
rNeg     + . .     Spirit   .   e - +0 scale mail
rPois    ∞         Reflect  .   n - +0 helmet
rElec    +         Harm     .   (no cloak)
rCorr    .         Rampage  .   (no gloves)
Will     .....                  (no boots)
Stlth    +.........             (no amulet)
HPRegen  0.10/turn              d - ring of protection from fire
MPRegen  0.09/turn              w - ring of protection from cold

@: constricted
A: sickness immunity, AC +4, negative energy resistance 1, electricity
resistance, torment resistance 1, petrification resistance
a: no special abilities


You were on level 4 of the Dungeon.
You visited 1 branch of the dungeon, and saw 4 of its levels.

You collected 123 gold pieces.

Inventory:

Hand Weapons
 a - a +0 mace (weapon)
Missiles
 t - a throwing net (quivered)
Armour
 e - a +0 scale mail (worn)
 n - a +0 helmet (worn)
Jewellery
 d - a ring of protection from fire (left hand)
 l - a ring of flight
 o - a ring of protection from fire
 w - a ring of protection from cold (right hand)
Wands
 s - a wand of flame (2)
Scrolls
 b - a scroll of acquirement {unknown}
 c - 3 scrolls of identify {unknown}
 f - 2 scrolls of silence {unknown}
 h - a scroll of vulnerability {unknown}
 i - a scroll of magic mapping {unknown}
 j - a scroll of fog {unknown}
 r - a scroll of immolation {unknown}
 u - a scroll of amnesia {unknown}
 v - a scroll of holy word {unknown}
Potions
 g - a potion of invisibility {unknown}
 k - a potion of heal wounds
 m - a potion of experience {unknown}
 p - 2 potions of curing {unknown}
 q - a potion of haste {unknown}


   Skills:
 - Level 3.2 Fighting
 + Level 6.3 Maces & Flails
 - Level 2.4 Dodging
 - Level 2.1 Stealth


You had 4 spell levels left.
You didn't know any spells.
Your spell library was empty.

Dungeon Overview and Level Annotations

Branches:
Dungeon (4/15)
 Temple: D:4-7

Altars:
Beogh

Shops:
D:3 (


Innate Abilities, Weirdness & Mutations

You are immune to sickness and miasma.
Your stone body is resilient. (AC +4)
You are immune to poison.
You resist negative energy. (rN+)
You are resistant to electric shocks. (rElec)
You are resistant to unholy torment.
You are immune to petrification.


Message History

The ball python barely misses you.
You hit the iguana but do no damage.
The iguana is severely wounded.
The ball python misses you. The ball python barely misses you.
The iguana hisses menacingly.
The iguana bites you!
You closely miss the iguana.
The iguana is severely wounded.
The ball python closely misses you. The ball python grabs you.
The ball python constricts you.
The iguana bites you but does no damage.
You barely miss the iguana.
The iguana is severely wounded.
The ball python bites you but does no damage.
The ball python constricts you. The iguana barely misses you.
The ball python closely misses you. The ball python constricts you.
You hit the iguana but do no damage.
The iguana is severely wounded.
The iguana barely misses you.
The ball python bites you but does no damage.
The ball python constricts you.
You hit the iguana but do no damage.
The iguana is severely wounded.
The iguana bites you.
The ball python bites you but does no damage.
The ball python constricts you.
You closely miss the iguana.
The iguana is severely wounded.
The ball python closely misses you. The ball python constricts you.
The iguana hisses menacingly.
The iguana bites you but does no damage.
The ball python bites you. The ball python constricts you.
You hit the iguana but do no damage.
The iguana is severely wounded.
The iguana barely misses you. The ball python barely misses you.
The ball python constricts you.
You hit the iguana but do no damage.
The iguana is severely wounded.
The iguana bites you!
You die...

###.###.####
..........#
#....(....#
###.........#
...........#
#........$#
#.........#
#..S......#
#.l@......#
#....)....#
#####.#####
.# .# #


You could see an iguana and a ball python.

Vanquished Creatures
  3 electric eels (D:3)
  Robin (D:2)
  3 dart slugs (D:1)
  3 endoplasms
  2 giant cockroaches (D:3)
  15 goblins
  6 hobgoblins
  3 jackals
  6 kobolds
  3 quokkas
  7 ball pythons
  5 bats
  2 frilled lizards
  5 rats
  A bush (D:3)
65 creatures vanquished.

Vanquished Creatures (others)
  2 plants (D:3)
2 creatures vanquished.

Grand Total: 67 creatures vanquished

Notes
Turn   | Place    | Note
-------+----------+-------------------------------------------
     0 | D:1      | miscthings the Gargoyle Monk began the quest for the Orb.
     0 | D:1      | Reached XP level 1. HP: 14/14 MP: 1/1
   103 | D:1      | Reached XP level 2. HP: 15/19 MP: 2/2
   666 | D:1      | Reached skill level 4 in Maces & Flails
   738 | D:1      | Reached XP level 3. HP: 20/23 MP: 3/3
  1062 | D:1      | Found a faded altar of an unknown god.
  1269 | D:2      | Noticed Robin
  1303 | D:2      | Killed Robin
  1315 | D:2      | Reached XP level 4. HP: 13/28 MP: 4/4
  1845 | D:3      | Found a transporter.
  1855 | D:3      | Reached skill level 5 in Maces & Flails
  1876 | D:3      | Reached XP level 5. HP: 25/32 MP: 5/5
  1883 | D:3      | Reached skill level 6 in Maces & Flails
  1887 | D:3      | Found a transporter.
  2423 | D:3      | Found Muxkyd's Antique Weapon Shoppe.
  2734 | D:4      | Slain by an iguana

Illustrated notes

Levels and vault maps discovered:
D:1:      scummos_arrival_simple_fountains, layout_basic,
          hellmonk_ecumenical_altar_defaced_shrine, minmay_pentomino_z4
D:2:      layout_rooms, serial_rivers, chequers_serial_rivers_marsh,
          chequers_serial_rivers_small_a, chequers_serial_rivers_small_3,
          chequers_serial_rivers_small_b, uniq_robin
D:3:      gammafunk_steamed_eel, layout_rooms, serial_forest,
          infiniplex_forest_lined_3, infiniplex_forest_lined_room_2,
          infiniplex_forest_lined_corner, infiniplex_forest_lined_2,
          infiniplex_forest_lined_2, infiniplex_forest_end_2,
          infiniplex_forest_clump_double, infiniplex_forest_lined_1,
          infiniplex_forest_3_way, serial_shops, nicolae_shop_crystal,
          minmay_cut_off
D:4:      layout_loops_ring, nicolae_overflow_hidden_temple, lemuel_round_altar,
          uniq_menkaure, uniq_natasha, uniq_sigmund

Skill      XL: |  1  2  3  4  5 |
---------------+----------------+-----
Maces & Flails | 4 5 6 |  6.3
Fighting       | |  3.2
Dodging        | |  2.4
Stealth        | |  2.1

Action                   |  1- 3 |  4- 6 || total
-------------------------+-------+-------++-------
Melee: Mace              |   123 |   165 ||   288
Evoke: Wand              |       |     4 ||     4
  Use: Potion            |     1 |       ||     1
Armor: Robe              |    12 |       ||    12
       Scale mail        |    65 |    35 ||   100
       Skin              |     1 |       ||     1
Dodge: Dodged            |    81 |    37 ||   118

Table legend: (Time is in decaauts)
 A = Elapsed time spent in this place.
 B = Non-inter-level travel time spent in this place.
 C = Inter-level travel time spent in this place.
 D = Time resting spent in this place.
 E = Time spent auto-exploring this place.
 F = Levels seen in this place.
 G = Mean time per level.
                   A        B        C        D        E       F      G
               +--------+--------+--------+--------+--------+-----+--------+
         Total |   2771 |   2690 |     81 |    745 |   1275 |   4 |  692.8 |
       Dungeon |   2771 |   2690 |     81 |    745 |   1275 |   4 |  692.8 |
               +--------+--------+--------+--------+--------+-----+--------+

Top non-repeatable levels by time:
     D:1: 1134 daAuts
     D:3: 975 daAuts
     D:2: 647 daAuts
     D:4: 13 daAuts
